 Dungeon Crawl Stone Soup version 0.31.0-11-ge490571c62 (webtiles) character file.

Game seed: 7614149944517931884

35 SmokeWeed the Magician (level 3, -1/18 HPs)
             Began as a Spriggan Wanderer on Jan 29, 2024.
             Frozen to death by an endoplasm (3 damage)
             ... on level 2 of the Dungeon.
             The game lasted 00:03:48 (570 turns).

SmokeWeed the Magician (Spriggan Wanderer)           Turns: 570, Time: 00:03:50

Health: -1/18      AC:  2    Str:  8    XL:     3   Next: 17%
Magic:  11/11      EV: 17    Int: 13    God:
Gold:   48         SH:  0    Dex: 16    Spells: 13/13 levels left

rFire   . . .        a - +0 sling
rCold   . . .        (no shield)
rNeg    . . .        b - +0 robe
rPois   .            (helmet restricted)
rElec   .            (no cloak)
rCorr   .            (gloves unavailable)
SInv    +            (boots unavailable)
Will    .....        (no amulet)
Stlth   +            (no ring)
HPRegen 0.23/turn    (no ring)
MPRegen 0.12/turn

%: no passive effects
@: very quick
A: very small, no large weapons, unfitting armour, see invisible, speed 3
a: no special abilities


You were on level 2 of the Dungeon.
You visited 1 branch of the dungeon, and saw 2 of its levels.

You collected 48 gold pieces.

Inventory:

Hand Weapons
 a - a +0 sling (weapon)
 e - a +1 dagger of venom
Missiles
 i - 4 atropa-tipped darts
Armour
 b - a +0 robe (worn)
Potions
 c - a potion of lignification
 d - a potion of curing {unknown}
 f - 3 potions of heal wounds {unknown}
 g - a potion of degeneration {unknown}
 h - 2 potions of mutation {unknown}


   Skills:
 + Level 1.0 Fighting
 + Level 3.0 Ranged Weapons
 + Level 2.6 Dodging
 + Level 5.9 Spellcasting


You had 13 spell levels left.
You didn't know any spells.
Your spell library contained the following spells:

 Spells                   Type           Power      Damage    Failure   Level
 Apportation              Tloc           6%         N/A       17%         1
 Kiss of Death            Conj/Necr      12%        2d6       17%         1
 Mephitic Cloud           Conj/Alch/Air  3%         N/A       45%         3
 Swiftness                Air            3%         N/A       45%         3


Dungeon Overview and Level Annotations

Branches:
Dungeon (2/15)

Altars:


Innate Abilities, Weirdness & Mutations

You are very small and have problems with some larger weapons.
You are too small for most types of armour.
You have supernaturally acute eyesight. (SInv)
You cover ground extremely quickly. (Speed+++)


Message History

Your experience leads to an increase in your attributes!
Increase (S)trength, (I)ntelligence, or (D)exterity?
You feel agile. x2
Your +1 dagger of venom stops dripping with poison.
a - a +0 sling (weapon)
The hobgoblin hits you.
You are too injured to fight recklessly!
Fire: a) +0 sling
Press: ? - help, Q - select action, (/) - cycle Shift-Dir - straight line, f - hobgoblin
Aim: a hobgoblin (57% to hit)
You shoot a sling bullet. The sling bullet hits the hobgoblin.
The hobgoblin is severely wounded.
You feel sick. The hobgoblin hits you.
Fire: a) +0 sling
Press: ? - help, Q - select action, (/) - cycle Shift-Dir - straight line, f/p - hobgoblin
Aim: a hobgoblin (heavily wounded, 57% to hit)
You shoot a sling bullet. The sling bullet hits the hobgoblin.
You kill the hobgoblin!
You feel sick. The endoplasm freezes you.
You are frozen.
* * * LOW HITPOINT WARNING * * *
Fire: a) +0 sling
Press: ? - help, Q - select action, (/) - cycle Shift-Dir - straight line, f - endoplasm
Aim: an endoplasm (85% to hit)
You shoot a sling bullet.
The sling bullet hits the endoplasm but does no damage.
You feel sick. The endoplasm closely misses you.
Fire: a) +0 sling
Press: ? - help, Q - select action, (/) - cycle Shift-Dir - straight line, f/p - endoplasm
Aim: an endoplasm (85% to hit)
You shoot a sling bullet.
The sling bullet barely misses the endoplasm.
The sling bullet closely misses the orc.
The sling bullet hits the orc but does no damage.
You feel sick.
You are no longer poisoned.
The endoplasm freezes you.
You are frozen.
You die...

.. . . #. #.###
#...#########.####
#+#####...oooJ@.......
.........########.####
.........# ###.#
.........# ....#
........g#### ....+
...........S##....#
.........##J.#....#
.........###..#
########## ##.##


You could see 3 orcs and an endoplasm.

Vanquished Creatures
  An adder (D:2)
  A bat (D:1)
  3 endoplasms (D:1)
  2 giant cockroaches (D:1)
  4 goblins
  4 hobgoblins
  2 quokkas (D:1)
  A ball python (D:1)
  A frilled lizard (D:1)
  3 kobolds (D:1)
22 creatures vanquished.

Notes
Turn   | Place    | Note
-------+----------+-------------------------------------------
     0 | D:1      | SmokeWeed the Spriggan Wanderer began the quest for the
                  | Orb.
     0 | D:1      | SmokeWeed set off with the following items: a +0 sling, a
                  | +0 robe, a potion of lignification; and the following
                  | spells available to memorise: Apportation, Kiss of Death,
                  | Mephitic Cloud, Swiftness.
     0 | D:1      | Reached XP level 1. HP: 10/10 MP: 7/7
    67 | D:1      | Reached XP level 2. HP: 10/14 MP: 9/9
   566 | D:2      | Reached XP level 3. HP: 14/18 MP: 11/11
   570 | D:2      | Frozen to death by an endoplasm

Illustrated notes

Levels and vault maps discovered:
D:1:      lightli_arrival_lavapool, layout_rooms, minivault_19
D:2:      layout_basic

Skill      XL: |  1  2 |
---------------+-------+-----
Ranged Weapons | 3 |  3.0
Fighting       | |  1.0
Dodging        | |  2.6
Spellcasting   | |  5.9

Action                     || total
---------------------------++-------
  Melee: Dagger            ||    15
   Fire: Sling             ||    81
    Use: Scroll            ||     1
 Armour: Robe              ||    30
  Dodge: Dodged            ||    52
